 Dungeon Sprint DCSS version 0.28.0-45-g0d030f2227 (webtiles) character file.

Game seed: 15993946079521884558

10 McKennaii the Skirmisher (level 2, -13/26 HPs)
             Began as a Demigod Fighter on Apr 18, 2022.
             Mangled by Menkaure (18 damage)
             ... in the Dungeon (Sprint II: "The Violet Keep of Menkaure").
             The game lasted 00:00:23 (254 turns).

McKennaii the Skirmisher (Demigod Fighter)           Turns: 254, Time: 00:00:23

Health: -13/26     AC:  6    Str: 17    XL:     2   Next: 0%
Magic:  4/4        EV:  9    Int: 10    God:
Gold:   243        SH:  4    Dex: 13    Spells: 1/1 levels left

rFire   . . .      SeeInvis .   a - +0 trident
rCold   . . .      Faith    .   c - +0 buckler
rNeg    . . .      Spirit   .   b - +0 scale mail
rPois   .          Reflect  .   (no helmet)
rElec   .          Harm     .   (no cloak)
rCorr   .          Rampage  .   (no gloves)
Will    .....      NoTele   +   (no boots)
Stlth   ..........              (no amulet)
HPRegen 0.08/turn               (no ring)
MPRegen 0.09/turn               (no ring)

@: no status effects
A: high MP 1, forlorn, divine attributes
a: no special abilities


You were in the Dungeon.
You visited 1 branch You collected 243 gold pieces.

Inventory:

Hand Weapons
 a - a +0 trident (weapon)
Armour
 b - a +0 scale mail (worn)
 c - a +0 buckler (worn)
Scrolls
 j - a scroll of blinking
Potions
 d - a potion of might
 e - a potion of curing
 f - a potion of heal wounds
 g - a potion of haste
 h - 2 potions of magic
 i - a potion of berserk rage


   Skills:
 + Level 3.5 Fighting
 + Level 2.8 Polearms
 + Level 3.5 Armour
 - Level 2.6 Shields


You had one spell level left.
You didn't know any spells.
Your spell library was empty.

Dungeon Overview and Level Annotations

Branches:
Dungeon (1/1)

Annotations:
D Menkaure


Innate Abilities, Weirdness & Mutations

You have an increased reservoir of magic. (+10% MP)
You shall have no god before yourself.
Your divine heritage dramatically boosts your attributes as you level up.


Message History

Menkaure shouts!
There is an open door here.
You barely miss the worm. You hit the worm but do no damage.
You block the worm's attack.
You hit the worm.
The worm is moderately wounded.
The worm barely misses you.
You barely miss the worm.
The worm is moderately wounded.
The worm bites you.
You puncture the worm!
The worm is heavily wounded.
You hit the worm.
The worm is severely wounded.
The worm bites you but does no damage.
You puncture the worm!
You kill the worm!
You have reached level 2!
Reach: a) +0 trident
Press: ? - help, Dir - move target, f - Menkaure
Aim: Menkaure (about 27% to evade your +0 trident)
You reach to attack!
You barely miss Menkaure.
Unknown command.
You hit Menkaure.
Menkaure is lightly damaged.
Menkaure casts a spell at you. Pain shoots through your body!
You barely miss Menkaure.
Menkaure is lightly damaged.
Menkaure points at you and mumbles some strange words.
Pain shoots through your body!
You puncture Menkaure!
Menkaure is moderately damaged.
Menkaure hits you!
* * * LOW HITPOINT WARNING * * *
You hit Menkaure.
Menkaure is heavily damaged.
Menkaure hits you!!
Ouch! That really hurt!
You die...

≈≈≈≈≈≈≈ ≈≈☼≈°
≈≈8☼≈ °≈° ≈≈≈
#≈≈#+++#+++##
≈≈≈.........#
##M# ##@#.#
#..##.#
##..### ##'#
##.## +.<.+
##.## #+#


You could see an ice statue and Menkaure.

Vanquished Creatures
  3 worms (D)
3 creatures vanquished.

Notes
Turn   | Place    | Note
-------+----------+-------------------------------------------
     0 | D        | McKennaii the Demigod Fighter began the quest for the Orb.
     0 | D        | Reached XP level 1. HP: 18/18 MP: 3/3
   240 | D        | Noticed an ice statue
   241 | D        | Noticed Menkaure
   250 | D        | Reached XP level 2. HP: 23/26 MP: 4/4
   254 | D        | Mangled by Menkaure

Illustrated notes

Levels and vault maps discovered:
D:        the_violet_keep_of_menkaure [sprint2_stairs_cluster_1,
          sprint2_shoproom, sprint2_temple, sprint2_basic_supplies,
          sprint2_obstacle_7, sprint2_obstacle_1, sprint2_obstacle_2,
          sprint2_obstacle_3, sprint2_obstacle_4, sprint2_timed_cluster_1,
          sprint2_smallroom_cluster_1, sprint2_smallroom_final_cluster_1,
          sprint2_transparent_cluster_1, sprint2_second_timed_cluster_1,
          sprint2_sniper_area_1, sprint2_heavy_combat_area_1,
          sprint2_mutation_trap_area_1, sprint2_forest_area_1,
          sprint2_light_combat_area_1, sprint2_behind_water_1,
          sprint2_near_end_vault_1]

Skill      XL: |  1 |
---------------+----+-----
Fighting       | 3 |  3.5
Polearms       | 2 |  2.8
Armour         | 3 |  3.5
Shields        | |  2.6

Action                   || total
-------------------------++-------
Melee: Trident           ||    25
Armor: Scale mail        ||     1
Dodge: Dodged            ||     4
Block: Buckler           ||     2
